AoeStats
← Ysuixin

Arena

510055284Analyzed
1v1 RM · 1d ago on Sep 29, 2026· 55m 53s· 2 players
Game mode
Random Map
Map size
Tiny (2 player)
Population
200
Speed
Normal
Resources
Standard
Victory
Conquest
Starting age
Dark Age
Ending age
Imperial Age
RankedLock teamsTeams togetherTeam positionsShared explorationLock speedFull tech treeHidden civsTurbo modeCheats
Victory
Defeat
🇨🇳 Turks · China
973
+18
🇨🇳 Huns · China
1013
-18
Ysuixin
10:58 Feudal Age
11:41 Double-Bit Axe
15:46 Castle Age
14:43 Gold Mining
19:16 Bow Saw
22:04 Wheelbarrow
21:19 Loom
23:41 Forging
26:40 Scale Barding Armor
30:01 Imperial Age
28:35 Chain Barding Armor
28:25 Treadmill Crane
30:59 Padded Archer Armor
31:20 Fletching
33:26 Conscription
34:14 Horse Collar
34:52 Leather Archer Armor
35:13 Plate Barding Armor
37:02 Heavy Plow
38:03 Bloodlines
39:50 Hand Cart
39:21 Town Watch
40:00 Husbandry
41:40 Artillery
41:02 Elite Janissary
41:21 Heavy Camel Rider
48:58 Gold Shaft Mining
48:14 Stone Mining
49:17 Ring Archer Armor
48:48 Scale Mail Armor
52:40 Bodkin Arrow
53:21 Iron Casting
55:24 Bracer
446713874
11:02 Feudal Age
12:42 Double-Bit Axe
13:12 Horse Collar
17:01 Castle Age
14:59 Gold Mining
15:41 Stone Mining
17:09 Fletching
21:19 Bow Saw
23:21 Loom
24:12 Wheelbarrow
26:11 Hand Cart
25:55 Bodkin Arrow
27:04 Ballistics
26:53 Padded Archer Armor
28:26 Gold Shaft Mining
28:07 Forging
28:09 Heavy Plow
28:40 Leather Archer Armor
28:59 Scale Barding Armor
29:33 Iron Casting
29:52 Masonry
29:53 Husbandry
30:03 Bloodlines
29:18 Elite Skirmisher
33:29 Imperial Age
32:06 Chain Barding Armor
31:14 Light Cavalry
32:26 Thumb Ring
35:25 Hussar
37:59 Blast Furnace
38:50 Blast Furnace
38:26 Plate Barding Armor
38:07 Cavalier
38:51 Bracer
39:19 Parthian Tactics
39:25 Conscription
40:48 Two-Man Saw
39:55 Town Watch
42:24 Chemistry
47:22 Guilds
50:04 Scale Mail Armor
53:49 Chain Mail Armor
53:10 Heavy Cavalry Archer
Connection lost

Rejoining the realm…

Still unreachable

The connection could not be restored.

Session expired

The server has moved on; the page needs a fresh start.